 Dungeon Crawl Stone Soup version 0.16-a0-3367-g7c1b4ff (webtiles) character file.

149 SharpStick the Cutter (level 5, 6/32 HPs)
             Began as a Kobold Fighter on Dec 31, 2014.
             Quit the game on level 3 of the Dungeon.
             The game lasted 00:06:40 (2683 turns).

SharpStick the Cutter (Kobold Fighter)              Turns: 2683, Time: 00:06:40

Health: 6/32       AC:  7    Str: 15    XL:     5   Next: 56%
Magic:  5/5        EV: 10    Int:  6    God:
Gold:   76         SH:  5    Dex: 16    Spells: 0 memorised, 4 levels left

rFire  . . .     SeeInvis .     a - +0 rapier
rCold  . . .     Clarity  .     b - +0 scale mail
rNeg   . . .     SustAb   .     c - +0 buckler
rPois  .         Gourm    .     (no helmet)
rElec  .         Spirit   .     h - +0 cloak
rCorr  .         Warding  .     (no gloves)
rMut   .         Stasis   .     (no boots)
MR     .....                    (no amulet)
Stlth  +.........               (no ring)
                                (no ring)

@: slowed, very slow, not resistant to hostile enchantments, very unstealthy
A: carnivore 3
a: no special abilities


You were on level 3 of the Dungeon.
You were completely stuffed.

You visited 1 branch of the dungeon, and saw 3 of its levels.

You collected 76 gold pieces.

Inventory:

Hand weapons
 a - a +0 rapier (weapon)
Missiles
 e - 2 tomahawks (quivered)
Armour
 b - a +0 scale mail (worn)
 c - a +0 buckler (worn)
 h - a +0 cloak (worn)
Scrolls
 f - 6 scrolls of remove curse {unknown}
 g - a scroll of recharging {unknown}
 k - a scroll of immolation {unknown}
 l - 4 scrolls of identify {unknown}
 m - a scroll of fear {unknown}
 n - a scroll of blinking {unknown}
 o - a scroll of enchant weapon {unknown}
 p - a scroll of fog {unknown}
Potions
 i - a potion of haste
 j - a potion of invisibility
Comestibles
 d - a meat ration
 q - a chunk of flesh


   Skills:
 - Level 3.2 Fighting
 + Level 6.9 Short Blades
 - Level 2.4 Armour
 + Level 1.1 Stealth
 - Level 2.4 Shields


You had 4 spell levels left.
You didn't know any spells.

Dungeon Overview and Level Annotations

Branches:
Dungeon (3/15)

Altars:
Gozag


Innate Abilities, Weirdness & Mutations

You are small and have problems with some larger weapons.
You are carnivorous and can eat meat at any time.


Message History

You feel yourself slow down. The orc completely misses you.
You hit the orc.
You kill the orc!
The orc wizard gestures at you while chanting.
The magic dart hits you! The orc wizard closely misses you.
The orc barely misses you. The orc hits you.
You closely miss the orc wizard. You block the orc wizard's attack.
The orc wizard points at you and mumbles some strange words.
You resist with some effort. The orc hits you but does no damage.
The orc hits you.
The orc wizard points at you and mumbles some strange words.
The magic dart hits you!
You hit the orc wizard.
The orc wizard is moderately wounded.
You block the orc's attack. The orc hits you but does no damage.
The orc wizard gestures at you while chanting.
The magic dart hits you!
* * * LOW HITPOINT WARNING * * *
The orc hits you but does no damage. x2
Are you sure you want to abandon this character and quit the game? (Confirm with "yes".)

#..$............. ..#
#...............
...###..(.(..#.......
.................#[.
..................#.
..................#
........(..........
...#####(.........
#@........
#.ooo.......
.....J.#.....
...............
...............
.............
.##........ #.......
...


You could see an ooze, an orc wizard and 2 orcs.

Vanquished Creatures
  2 orc wizards (D:3)
  2 adders
  A worm (D:2)
  A giant gecko (D:2)
  8 orcs (D:3)
  A ball python (D:2)
  8 bats
  5 giant cockroaches
  7 hobgoblins
  5 jackals
  A quokka (D:2)
  3 giant newts
  3 goblins
  10 kobolds
  8 rats
65 creatures vanquished.

Notes
Turn   | Place    | Note
--------------------------------------------------------------
     0 | D:1      | SharpStick, the Kobold Fighter, began the quest for the Orb.
     0 | D:1      | Reached XP level 1. HP: 14/14 MP: 1/1
   233 | D:1      | Reached XP level 2. HP: 19/19 MP: 2/2
   642 | D:1      | Reached skill level 4 in Short Blades
   991 | D:2      | Reached XP level 3. HP: 23/23 MP: 3/3
  1328 | D:2      | Reached skill level 5 in Short Blades
  1365 | D:2      | Reached XP level 4. HP: 26/28 MP: 4/4
  1709 | D:3      | Found an opulent altar of Gozag.
  1789 | D:3      | HP: 1/28 [orc wizard/dagger (1)]
  2125 | D:3      | Reached skill level 6 in Short Blades
  2290 | D:3      | Reached XP level 5. HP: 27/32 MP: 5/5
  2629 | D:3      | Reached skill level 1 in Stealth
  2683 | D:3      | Quit the game

Action                   |  1- 3 |  4- 6 || total
-------------------------+-------+-------++-------
Melee: Rapier            |   142 |   177 ||   319
  Use: Potion            |       |     4 ||     4
 Stab: Invisible         |       |     3 ||     3
  Eat: Chunk             |     9 |     6 ||    15
